 Dungeon Crawl Stone Soup version 0.27-a0-334-g52645efa06 (webtiles) character file.

Game seed: 3858188059368374197

137 Leibowitz the Covered (level 5, -3/46 HPs)
             Began as a Minotaur Fighter on Feb 12, 2021.
             Killed by divine providence
             ... invoked by an orc priest
              (11 damage)
             ... on level 3 of the Dungeon on Feb 13, 2021.
             The game lasted 00:04:28 (1783 turns).

Leibowitz the Covered (Minotaur Fighter)            Turns: 1783, Time: 00:04:28

Health: -3/46      AC: 12    Str: 22    XL:     5   Next: 0%
Magic:  4/4        EV:  5    Int:  5    God:
Gold:   69         SH:  9    Dex:  9    Spells: 4/4 levels left

rFire    + . .     SeeInvis .   a - +0 war axe
rCold    x . .     Faith    .   c - +0 kite shield
rNeg     . . .     Spirit   .   s - +0 plate armour
rPois    .         Reflect  .   (helmet restricted)
rElec    .         Harm     .   (no cloak)
rCorr    .         Rampage  .   (no gloves)
Will     .....                  (no boots)
Stlth    ..........             (no amulet)
HPRegen  0.15/turn              k - ring of fire
MPRegen  0.09/turn              (no ring)

@: no status effects
A: retaliatory headbutt, horns 2
a: no special abilities


You were on level 3 of the Dungeon.
You visited 1 branch of the dungeon, and saw 3 of its levels.

You collected 69 gold pieces.

Inventory:

Hand Weapons
 a - a +0 war axe (weapon)
Missiles
 o - 13 poisoned darts (quivered)
Armour
 c - a +0 kite shield (worn)
 s - a +0 plate armour (worn)
Jewellery
 k - a ring of fire (left hand)
Wands
 p - a wand of polymorph (7)
Scrolls
 b - 2 scrolls of identify {unknown}
 e - 2 scrolls of random uselessness {unknown}
 f - a scroll of fear {unknown}
 i - a scroll of fog {unknown}
 l - 3 scrolls of immolation {unknown}
 m - 3 scrolls of teleportation {unknown}
 n - a scroll of magic mapping {unknown}
 q - a scroll of blinking {unknown}
Potions
 d - a potion of might
 g - 2 potions of mutation {unknown}
 h - 3 potions of degeneration {unknown}
 j - a potion of attraction {unknown}
 r - a potion of curing {unknown}
 t - a potion of heal wounds {unknown}


   Skills:
 * Level 4.1 Fighting
 * Level 3.5 Axes
 * Level 4.4 Armour
 * Level 2.7 Dodging
 * Level 4.2 Shields


You had 4 spell levels left.
You didn't know any spells.
Your spell library was empty.

Dungeon Overview and Level Annotations

Branches:
Dungeon (3/15)

Altars:
Makhleb
Nemelex Xobeh


Innate Abilities, Weirdness & Mutations

You reflexively headbutt those who attack you in melee.
You have a pair of horns on your head.


Message History

You hit the hobgoblin.
The hobgoblin is heavily wounded.
You block the hobgoblin's attack.
An orc comes into view. It is wielding a +0 flail.
You barely miss the hobgoblin.
The hobgoblin is heavily wounded.
You block the hobgoblin's attack.
The orc priest begins to cast a cantrip, but forgets the words!
The hobgoblin hits you but does no damage.
You barely miss the hobgoblin.
The hobgoblin is moderately wounded.
You block the hobgoblin's attack.
You barely miss the hobgoblin. Your headbutt misses the hobgoblin.
The hobgoblin is moderately wounded.
The hobgoblin hits you with a +0 club. x2
You barely miss the hobgoblin. Your headbutt misses the hobgoblin.
The hobgoblin is moderately wounded.
You block the hobgoblin's attack.
You closely miss the hobgoblin.
The hobgoblin is moderately wounded.
You block the hobgoblin's attack.
You hit the hobgoblin.
You kill the hobgoblin!
You hit the orc.
The orc is severely wounded.
The orc priest invokes the aid of Beogh against you.
Beogh smites you! You block the orc's attack.
You slash the orc!
You kill the orc!
The orc priest invokes the aid of Beogh against you.
Pain shoots through your body!
You have reached level 5!
You hit the orc priest but do no damage.
The orc priest mumbles some strange prayers to Beogh against you.
Pain shoots through your body!
* * * LOW HITPOINT WARNING * * *
You barely miss the orc priest.
The orc priest mumbles some strange prayers to Beogh against you.
Beogh smites you!
You die...

#........# ...
#........# ....
#........# ...#
#####.#### .....
############.####
...#..
.................
.....####.....####.####
#.o.######.####.####
#@....##....#.##..
#####.#####.......
#.)#####.##...
##...#.....(..
###....####.. ##.#†.#
#.. ########..#..######
.........##†.)..###
..................#


You could see an orc priest.

Vanquished Creatures
  An orc priest (D:3)
  5 adders
  2 worms
  A dart slug (D:2)
  2 leopard geckos
  6 orcs (D:3)
  3 giant cockroaches
  6 hobgoblins
  3 jackals (D:1)
  3 kobolds
  2 bats
  2 frilled lizards
  6 goblins
  2 rats
44 creatures vanquished.

Notes
Turn   | Place    | Note
-------+----------+-------------------------------------------
     0 | D:1      | Leibowitz the Minotaur Fighter began the quest for the Orb.
     0 | D:1      | Reached XP level 1. HP: 19/19 MP: 0/0
    88 | D:1      | Upgraded the game from 0.27-a0-333-gfa571bf19a to
                  | 0.27-a0-334-g52645efa06
   331 | D:1      | Reached XP level 2. HP: 27/27 MP: 1/1
   991 | D:2      | Reached XP level 3. HP: 27/33 MP: 2/2
  1083 | D:2      | Found a sparkling altar of Nemelex Xobeh.
  1109 | D:2      | Found a burning altar of Makhleb.
  1251 | D:2      | Reached skill level 1 in Dodging
  1434 | D:3      | Reached XP level 4. HP: 36/40 MP: 3/3
  1782 | D:3      | Reached XP level 5. HP: 16/46 MP: 4/4
  1783 | D:3      | Killed from afar by an orc priest

Illustrated notes

Levels and vault maps discovered:
D:1:      dpeg_arrival_rooms_b, layout_basic
D:2:      layout_rooms, nemelex_altar_shiori, bloody_makhleb
D:3:      layout_rooms

Skill      XL: |  1  2  3  4 |
---------------+-------------+-----
Fighting       | 4 |  4.1
Armour         | 4 |  4.4
Shields        | 4 |  4.2
Axes           | 3 |  3.5
Dodging        | 1 2 |  2.7

Action                   |  1- 3 |  4- 6 || total
-------------------------+-------+-------++-------
Melee: War axe           |    47 |    46 ||    93
       Headbutt          |     9 |     4 ||    13
Throw: Dart              |     3 |       ||     3
Armor: Scale mail        |    24 |     4 ||    28
       Plate armour      |       |    11 ||    11
Dodge: Dodged            |    17 |     8 ||    25
Block: Kite shield       |    25 |    22 ||    47

Table legend: (Time is in decaauts)
 A = Elapsed time spent in this place.
 B = Non-inter-level travel time spent in this place.
 C = Inter-level travel time spent in this place.
 D = Time resting spent in this place.
 E = Time spent auto-exploring this place.
 F = Levels seen in this place.
 G = Mean time per level.
                   A        B        C        D        E       F      G
               +--------+--------+--------+--------+--------+-----+--------+
         Total |   1833 |   1789 |     44 |    158 |   1301 |   3 |  611.0 |
       Dungeon |   1833 |   1789 |     44 |    158 |   1301 |   3 |  611.0 |
               +--------+--------+--------+--------+--------+-----+--------+

Top non-repeatable levels by time:
     D:1: 861 daAuts
     D:2: 591 daAuts
     D:3: 380 daAuts
